 Dungeon Crawl Stone Soup version 0.21.0-3-g78d12a8 (webtiles) character file.

22 letownia2 the Magician (level 2, -1/13 HPs)
             Began as a Vine Stalker Wizard on Jan 11, 2018.
             Slain by an orc
             ... wielding a +0 dagger
              (3 damage)
             ... on level 3 of the Dungeon.
             The game lasted 00:01:33 (1054 turns).

letownia2 the Magician (Vine Stalker Wizard)        Turns: 1054, Time: 00:01:33

Health: -1/13      AC:  2    Str:  9    XL:     2   Next: 91%
Magic:  0/7        EV: 12    Int: 18    God:
Gold:   60         SH:  0    Dex: 12    Spells: 4/7 levels left

rFire    . . .     SeeInvis .     - Unarmed
rCold    . . .     Gourm    .   (no shield)
rNeg     . . .     Faith    .   a - +0 robe
rPois    .         Spirit   +   b - +0 hat
rElec    .         Reflect  .   (no cloak)
rCorr    .         Harm     .   (no gloves)
MR       .....                  (no boots)
Stlth    ++........             (no amulet)
HPRegen  0.04/turn              (no ring)
MPRegen  0.10/turn              (no ring)

@: very slightly contaminated
A: fangs 2, magic shield, antimagic bite, no potion heal 3, rot immunity
a: no special abilities


You were on level 3 of the Dungeon.
You were not hungry.

You visited 1 branch of the dungeon, and saw 3 of its levels.

You collected 60 gold pieces.

Inventory:

Hand Weapons
 h - a +1 dagger of draining
Armour
 a - a +0 robe (worn)
 b - a +0 hat (worn)
 i - a +0 ring mail
Scrolls
 g - a scroll of enchant weapon {unknown}
 k - 3 scrolls of teleportation {unknown}
Potions
 e - a potion of berserk rage {unknown}
 f - a potion of lignification {unknown}
 j - a potion of agility {unknown}
Books
 c - a book of Minor Magic

   Spells                             Type                      Level
   a - Magic Dart                     Conjuration                  1
   b - Blink                          Translocation                2
   c - Call Imp                       Summoning                    2
   d - Slow                           Hexes                        2
   e - Conjure Flame                  Conjuration/Fire             3
   f - Mephitic Cloud                 Conjuration/Poison/Air       3
Comestibles
 d - 4 rations
 l - 3 chunks of flesh


   Skills:
 + Level 0.2 Fighting
 - Level 1.5 Dodging
 - Level 2.4 Stealth
 + Level 1.5 Unarmed Combat
 - Level 3.2 Spellcasting
 - Level 2.0 Conjurations
   Level 1.0 Summonings
 - Level 1.0 Translocations


You had 4 spell levels left.
You knew the following spells:

 Your Spells              Type           Power        Failure   Level  Hunger
a - Magic Dart            Conj           ##..         7%          1    None
b - Blink                 Tloc           N/A          16%         2    ##.....


Dungeon Overview and Level Annotations

Branches:
Dungeon (3/15)

Altars:


Innate Abilities, Weirdness & Mutations

You have extremely sharp teeth.
When hurt, damage is shared between your health and your magic reserves.
Your bite disrupts and absorbs the magic of your enemies.
Potions cannot restore your health.
You are immune to rotting.


Message History

Aiming: Magic Dart
Press: ? - help, Shift-Dir - straight line, f/p - orc
Aim: an orc, wielding a dagger and wearing a ring mail (almost dead)
The magic dart hits the orc.
The orc is almost dead.
The orc hits you with a dagger.
You barely miss the orc.
The orc is almost dead.
The orc hits you with a dagger.
* * * LOW HITPOINT WARNING * * *
You are too injured to fight recklessly!
Unknown command.
You hit the orc.
The orc is severely wounded.
The orc barely misses you.
Unknown command.
You barely miss the orc. You bite the orc, but do no damage.
The orc is severely wounded.
The orc hits you with a dagger.
You die...

#. #.# ### ####
#.# #). ... #.#
#.# ####.##.## #.#
#........###.###.#
#.........#..<...#
#........##.##..##
#......@........#
#....>.o###.###.#
#.......# #.# .#
#.......###.# .#
######...##.. #
#.....###
#.......#
#..?......#
+.........+


You could see an orc.

Vanquished Creatures
  An ooze (D:1)
  A leopard gecko (D:1)
  2 goblins (D:1)
  4 hobgoblins
  2 jackals (D:2)
  A kobold (D:1)
  3 bats
14 creatures vanquished.

Notes
Turn   | Place    | Note
-------+----------+-------------------------------------------
     0 | D:1      | letownia2 the Vine Stalker Wizard began the quest for the Orb.
     0 | D:1      | Reached XP level 1. HP: 9/9 MP: 5/5
   354 | D:1      | Reached skill level 1 in Unarmed Combat
   354 | D:1      | Reached XP level 2. HP: 13/13 MP: 4/7
   479 | D:1      | Learned a level 2 spell: Blink
  1054 | D:3      | Slain by an orc

Skill      XL: |  1  2 |
---------------+-------+-----
Unarmed Combat | 1 |  1.5
Conjurations   | 2 |  2.0
Fighting       | |  0.2
Dodging        | |  1.5
Stealth        | |  2.4
Spellcasting   | |  3.2
Summonings     | |  1.0
Translocations | |  1.0

Action                   || total
-------------------------++-------
Melee: Unarmed           ||    15
       Bite              ||     5
 Cast: Magic Dart        ||    42
Armor: Robe              ||     1
Dodge: Dodged            ||    18
